 Dungeon Crawl Stone Soup version 0.26.1-11-gd32895ea62 (webtiles) character file.

Game seed: 3376078340083874625

35690 Mitsuki the Fighter (level 13, -1/119 HPs)
             Began as a Minotaur Hunter on June 4, 2021.
             Was a High Priest of Okawaru.
             Slain by a komodo dragon (9 damage)
             ... in a volcano on June 18, 2021.
             The game lasted 01:08:35 (23064 turns).

Mitsuki the Fighter (Minotaur Hunter)              Turns: 23064, Time: 01:08:35

Health: -1/119     AC: 24    Str: 18    XL:     13   Next: 49%
Magic:  3/9        EV: 15    Int:  8    God:    Okawaru [*****.]
Gold:   844        SH:  0    Dex: 17    Spells: 12/12 levels left

rFire    + + .     SeeInvis .   a - +4 triple crossbow (flame)
rCold    + + .     Faith    .   (shield currently unavailable)
rNeg     . . .     Spirit   .   P - +0 plate armour
rPois    +         Reflect  .   C - +0 hat "Sephogh" {+Fly MP-9 Dex+2 Stlth+}
rElec    .         Harm     .   g - scarf {rC+ rF+}
rCorr    .         Rampage  .   i - +1 pair of gloves of the Wasteland {rC+ Stlth+}
Will     .....                  e - +2 pair of boots
Stlth    +.........             (no amulet)
HPRegen  0.29/turn              B - ring of protection from fire
MPRegen  0.11/turn              q - ring of poison resistance

@: brilliant, heroism, finesse
A: retaliatory headbutt, horns 2
a: Renounce Religion, Evoke Flight, Heroism, Finesse


You were in a volcano.
You worshipped Okawaru.
Okawaru was extremely pleased with you.
You visited 3 branches of the dungeon, and saw 16 of its levels.
You also visited: Gauntlet and Volcano.

You collected 934 gold pieces.
You spent 90 gold pieces at shops.

Inventory:

Hand Weapons
 a - a +4 triple crossbow of flaming (weapon)
 b - a +0 trident of venom
Missiles
 d - 99 bolts (quivered ammo)
 t - a throwing net
 L - 9 curare-tipped darts
Armour
 e - a +2 pair of boots (worn)
 g - a scarf of resistance (worn)
 i - the +1 pair of gloves of the Wasteland (worn) {rC+ Stlth+}
   (You found it in a Gauntlet)

   It protects you from cold.
   It makes you more stealthy.
 C - the +0 hat "Sephogh" (worn) {+Fly MP-9 Dex+2 Stlth+}
   (Okawaru gifted it to you on level 11 of the Dungeon)

   It affects your dexterity (+2).
   It affects your magic capacity (-9).
   It lets you fly.
   It makes you more stealthy.
 P - a +0 plate armour (worn)
Jewellery
 o - an uncursed ring of see invisible
 q - a ring of poison resistance (right hand)
 B - a ring of protection from fire (left hand)
Wands
 r - a wand of paralysis (5)
 s - a wand of digging (12)
Scrolls
 h - a scroll of identify
 v - 5 scrolls of teleportation
 x - a scroll of blinking
 D - 3 scrolls of fog
 N - 3 scrolls of fear
 S - a scroll of immolation
Potions
 c - 2 potions of haste
 f - 5 potions of curing
 k - 3 potions of invisibility
 u - 3 potions of heal wounds {unknown}
 z - a potion of brilliance
 J - 3 potions of resistance
 M - a potion of lignification {unknown}
Miscellaneous
 l - a condenser vane
 I - a lightning rod (4/4)


   Skills:
 + Level 12.9(17.9) Fighting
 + Level 12.4(17.4) Crossbows
 + Level 12.7(17.7) Armour
 + Level 12.0(17.0) Dodging
 - Level 0.7(5.7) Stealth
 - Level 8.0 Invocations
 + Level 3.4 Evocations


You had 12 spell levels left.
You didn't know any spells.
Your spell library contained the following spells:

 Spells                   Type           Power        Failure   Level
 Animate Skeleton         Necr           0%           99%         1
 Apportation              Tloc           0%           99%         1
 Corona                   Hex            0%           99%         1
 Shock                    Conj/Air       0%           99%         1
 Summon Small Mammal      Summ           0%           99%         1
 Swiftness                Air            0%           100%        2
 Lesser Beckoning         Tloc           0%           100%        3
 Static Discharge         Conj/Air       0%           100%        3
 Tukima's Dance           Hex            0%           100%        3
 Airstrike                Air            0%           100%        4
 Alistair's Intoxication  Tmut/Pois      0%           100%        5
 Lightning Bolt           Conj/Air       0%           100%        5
 Invisibility             Hex            0%           100%        6


Dungeon Overview and Level Annotations

Branches:
Dungeon (13/15)            Temple (1/1) D:7            Lair (2/6) D:10
    Orc (0/2) D:11        Volcano (1/1)             Gauntlet (visited)
  Swamp: Lair:2-4    Shoals: Lair:2-4     Snake: Lair:2-4    Spider: Lair:2-4
 Vaults: D:13-14

Altars:
Ashenzari
Cheibriados
Dithmenos
Elyvilon
Fedhas
Gozag
Hepliaklqana
Kikubaaqudgha
Makhleb
Nemelex Xobeh
Okawaru
Qazlal
Ru
Sif Muna
Trog
Uskayaw
Vehumet
Wu Jian
Xom
Yredelemnul
Zin
The Shining One

Shops:
D:4 =   D:6 :   D:7 !(*:   D:8 =   D:9 *

Annotations:
D:10 3 runed translucent doors, TangoThomas's ghost, novice DsNe


Innate Abilities, Weirdness & Mutations

You reflexively headbutt those who attack you in melee.
You have a pair of horns on your head.


Message History

The komodo dragon completely misses you.
Fire: 100 bolts
Press: ? - help, Q - select action, (/) - cycle Shift-Dir - straight line, f - komodo dragon
Aim: a komodo dragon (79% to hit)
You shoot a bolt. The bolt hits the komodo dragon!!
The bolt burns the komodo dragon.
The komodo dragon is severely wounded.
The wyvern bites you.
* * * LOW HITPOINT WARNING * * *
The komodo dragon bites you!
* * * LOW HITPOINT WARNING * * *
You take 16 damage, and have 8/119 hp.
It was a potion of brilliance.
You feel clever all of a sudden. The wyvern barely misses you.
The wyvern misses you. You furiously retaliate!
You headbutt the wyvern!
You kill the wyvern!
Okawaru accepts your kill. The komodo dragon bites you!
You die...

♣. .♣≈§○°≈ ♣♣. ..§ ≈°§
♣..♣.P≈≈§§§ ♣P....≈§§°§ ♣♣
....♣≈§○§§ . ♣..♣P..P≈○≈§≈
≈.♣♣♣♣....l.≈§°§§≈
≈§§§≈≈≈♣♣...@♣≈§°≈
♣≈§§≈≈≈≈♣..P(N§≈≈≈♣♣♣♣##
♣§≈§≈≈§♣...)≈§§≈♣♣♣.P.###
♣≈≈≈○≈≈†♣♣((≈≈§♣♣P..♣...##
♣≈○≈≈≈l((.≈≈♣♣♣P♣)......#
♣≈≈≈§♣N..♣≈§♣PP...♣..∩∩.#
♣≈°≈§P..P.§§♣♣..♣♣♣♣....#
♣≈≈°≈.P.P≈§♣♣.♣♣♣ ##...#
♣≈≈≈♣♣...≈≈♣..♣ #####


You could see a salamander (extremely poisoned) and a komodo dragon.

Vanquished Creatures
  A minotaur (Gauntlet)
  A death ooze (Gauntlet)
  2 centaur warriors (D:13)
  6 two-headed ogres
  2 death yaks (Gauntlet)
  Sonja (D:13)
  3 unseen horrors
  A glowing orange brain (Gauntlet)
  2 ugly things (Gauntlet)
  An orc knight (D:11)
  A manticore (D:11)
  2 salamanders (Volcano)
  3 black mambas (Lair:1)
  Joseph (D:8)
  A gargoyle (D:12)
  2 cane toads (Lair:1)
  2 kobold demonologists (D:13)
  8 komodo dragons
  A queen bee (D:10)
  5 trolls
  10 wyverns
  2 fire bats (Volcano)
  Grum (D:8)
  21 yaks
  2 basilisks
  A steam dragon (Volcano)
  Edmund (D:6)
  2 hell hounds (Lair:2)
  6 water moccasins
  A hornet zombie (D:7)
  5 sky beasts
  A black bear (D:7)
  15 orc warriors
  3 ice beasts
  6 ogres
  5 phantoms
  11 wolves
  A necrophage (D:6)
  An eye of draining (D:12)
  8 centaurs
  4 big kobolds
  8 bullfrogs
  A wyvern zombie (D:12)
  2 gnoll sergeants
  A wyvern skeleton (D:9)
  6 scorpions
  28 killer bees
  2 howler monkeys (D:9)
  8 wights
  3 centaur zombies
  A crimson imp (D:7)
  A bullfrog zombie (D:13)
  4 centaur skeletons
  6 hounds
  3 quasits
  6 jellies
  Crazy Yiuf (D:6)
  4 orc priests
  11 orc wizards
  Jessica (D:3)
  A bullfrog skeleton (D:11)
  10 iguanas
  12 worker ants
  A killer bee zombie (D:7)
  A hound zombie (D:9)
  A hound skeleton (D:10)
  A worker ant zombie (D:11)
  Robin (D:3)
  13 gnolls
  19 adders
  3 white imps
  2 ufetubi
  2 adder skeletons
  6 worms
  7 dart slugs
  4 leopard geckos
  56 orcs
  3 ball pythons
  12 bats
  10 giant cockroaches
  12 goblins
  10 hobgoblins
  19 jackals
  2 quokkas
  5 frilled lizards
  22 kobolds
  A leopard gecko zombie (D:7)
  11 rats
497 creatures vanquished.

Vanquished Creatures (others)
  7 fungi
  44 plants
51 creatures vanquished.

Grand Total: 548 creatures vanquished

Notes
Turn   | Place    | Note
-------+----------+-------------------------------------------
     0 | D:1      | Mitsuki the Minotaur Hunter began the quest for the Orb.
     0 | D:1      | Reached XP level 1. HP: 18/18 MP: 0/0
   111 | D:1      | Reached XP level 2. HP: 25/25 MP: 1/1
   152 | D:1      | Reached skill level 1 in Armour
   573 | D:1      | Reached XP level 3. HP: 31/31 MP: 2/2
  1365 | D:2      | Reached XP level 4. HP: 24/38 MP: 3/3
  1807 | D:2      | Reached skill level 5 in Crossbows
  1943 | D:2      | Found an opulent altar of Gozag.
  2170 | D:2      | Found a sparkling altar of Nemelex Xobeh.
  2276 | D:2      | Reached XP level 5. HP: 46/46 MP: 4/4
  2815 | D:3      | Found Zin's Purification Station.
  2823 | D:3      | Found a glowing silver altar of Zin.
  2850 | D:3      | Bought a potion of curing for 90 gold pieces
  3320 | D:3      | Noticed Robin
  3346 | D:3      | Killed Robin
  3347 | D:3      | Reached XP level 6. HP: 39/52 MP: 5/5
  3354 | D:3      | Noticed Jessica
  3356 | D:3      | Killed Jessica
  4275 | D:4      | Found Sobeg's Jewellery Shoppe.
  4375 | D:4      | Reached XP level 7. HP: 56/60 MP: 6/6
  4570 | D:4      | Reached skill level 5 in Fighting
  4695 | D:4      | Found a broken altar of Ashenzari.
  4847 | D:5      | Entered Level 5 of the Dungeon
  4950 | D:5      | Reached skill level 5 in Dodging
  5205 | D:5      | Found a hazy altar of Hepliaklqana.
  5263 | D:5      | Reached skill level 5 in Armour
  5625 | D:4      | HP: 2/62 [orc warrior/+0 flail (14)]
  5630 | D:4      | Reached XP level 8. HP: 3/70 MP: 0/7
  6456 | D:6      | Noticed Edmund
  6467 | D:6      | Killed Edmund
  6712 | D:6      | Found Asikk's Book Boutique.
  7188 | D:6      | Found a runed translucent door.
  7188 | D:6      | Noticed Crazy Yiuf
  7499 | D:6      | Killed Crazy Yiuf
  7584 | D:7      | Found Jogekk's Distillery.
  7584 | D:7      | Found Pudihu Buul's Antique Weapon Shoppe.
  7596 | D:7      | Found a staircase to the Ecumenical Temple.
  7616 | Temple   | Entered the Ecumenical Temple
  7676 | Temple   | Became a worshipper of Warmaster Okawaru
  8214 | D:7      | Reached skill level 1 in Invocations
  8348 | D:7      | Reached * piety under Okawaru
  8349 | D:7      | Reached XP level 9. HP: 70/79 MP: 7/9
  8436 | D:7      | Found a shimmering altar of Xom.
  8436 | D:7      | Found a burning altar of Makhleb.
  8502 | D:7      | Noticed a troll
  8509 | D:7      | Killed a troll
  8601 | D:7      | Found Hufoiho's Book Shop.
  8822 | D:7      | Found Odes Sidit's Assorted Antiques.
  8993 | D:8      | Noticed Joseph
  9008 | D:8      | Killed Joseph
  9008 | D:8      | Reached ** piety under Okawaru
  9104 | D:8      | Noticed a two-headed ogre
  9110 | D:8      | Killed a two-headed ogre
  9160 | D:8      | Found Giajinoa's Jewellery Boutique.
  9201 | D:8      | Noticed Grum
  9234 | D:8      | HP: 3/82 [Grum/+1 spear of flaming (7)]
  9244 | D:8      | Killed Grum
  9245 | D:8      | Reached XP level 10. HP: 15/90 MP: 6/11
  9605 | D:8      | Noticed a two-headed ogre
  9610 | D:8      | Killed a two-headed ogre
  9610 | D:8      | Reached *** piety under Okawaru
  9635 | D:8      | Found a shadowy altar of Dithmenos.
 10125 | D:8      | Found a white marble altar of Elyvilon.
 10127 | D:8      | Found a stormy altar of Qazlal.
 10128 | D:8      | Found a hide-covered altar of Uskayaw.
 10130 | D:8      | Found a basalt altar of Yredelemnul.
 10438 | D:9      | Noticed an unseen horror
 10441 | D:9      | Killed an unseen horror
 10491 | D:9      | Received a gift from Okawaru
 10574 | D:9      | Found Deuh's Assorted Antiques.
 10746 | D:9      | Reached skill level 5 in Invocations
 11253 | D:9      | Found a sacrificial altar of Ru.
 11480 | D:10     | Entered Level 10 of the Dungeon
 11561 | D:10     | Noticed a two-headed ogre
 11569 | D:10     | Killed a two-headed ogre
 11700 | D:10     | Reached **** piety under Okawaru
 11759 | D:10     | Received a gift from Okawaru
 11777 | D:10     | Reached XP level 11. HP: 62/99 MP: 9/14
 11830 | D:10     | Reached skill level 10 in Fighting
 12209 | D:10     | Found a staircase to the Lair.
 12232 | D:10     | Reached skill level 10 in Crossbows
 12330 | D:10     | Reached ***** piety under Okawaru
 12583 | D:10     | Reached skill level 10 in Armour
 13351 | D:10     | Noticed TangoThomas's ghost (novice DsNe)
 13383 | D:10     | Found a runed translucent gate.
 13384 | D:10     | Found a runed translucent gate.
 13385 | D:10     | Found a runed translucent gate.
 14564 | D:11     | Received a gift from Okawaru
 14739 | D:11     | Reached skill level 10 in Dodging
 15063 | D:11     | Noticed an orc knight
 15080 | D:11     | Killed an orc knight
 15080 | D:11     | Received a gift from Okawaru
 15844 | D:11     | Received a gift from Okawaru
 15845 | D:11     | Got a faintly humming hat {god gift}
 15861 | D:11     | Identified the +0 hat "Sephogh" {+Fly MP-9 Dex+2 Stlth+}
                  | (Okawaru gifted it to you on level 11 of the Dungeon)
 15915 | D:11     | Found a staircase to the Orcish Mines.
 16253 | D:11     | Noticed a two-headed ogre
 16267 | D:11     | Killed a two-headed ogre
 16268 | D:11     | Reached XP level 12. HP: 103/110 MP: 3/16
 16372 | D:12     | You fall into a shaft and drop 1 floor!
 16372 | D:13     | Noticed a two-headed ogre
 16379 | D:13     | Killed a two-headed ogre
 17022 | D:12     | Found an ornate altar of the Wu Jian Council.
 17708 | D:12     | Found a white marble altar of Elyvilon.
 17927 | D:13     | Noticed Sonja
 18271 | D:13     | Killed Sonja
 18532 | D:13     | Noticed a centaur warrior
 18551 | D:13     | Killed a centaur warrior
 18829 | D:13     | Noticed a centaur warrior
 18838 | D:13     | Killed a centaur warrior
 19844 | Lair:1   | Entered Level 1 of the Lair of Beasts
 19903 | Lair:1   | Found a gate leading to a gauntlet.
 19907 | Gauntlet | Entered a Gauntlet
 19907 | Gauntlet | Found a transporter.
 19907 | Gauntlet | Found a transporter.
 19907 | Gauntlet | Found a runed translucent gate.
 19907 | Gauntlet | Found a runed translucent gate.
 19944 | Gauntlet | Noticed a death ooze
 19947 | Gauntlet | Found a transporter.
 19958 | Gauntlet | Found a runed translucent door.
 19961 | Gauntlet | Found a transporter.
 19973 | Gauntlet | Noticed a death yak
 19974 | Gauntlet | Noticed a death yak
 19975 | Gauntlet | Noticed a death yak
 19975 | Gauntlet | Noticed a death yak
 19976 | Gauntlet | Noticed a death yak
 19977 | Gauntlet | Found a transporter.
 19977 | Gauntlet | Found a transporter.
 19977 | Gauntlet | Found a transporter.
 19979 | Gauntlet | Found a transporter.
 19979 | Gauntlet | Found a transporter.
 19991 | Gauntlet | Found a transporter.
 20007 | Gauntlet | Found a transporter.
 20015 | Gauntlet | Found a runed translucent door.
 20017 | Gauntlet | Found a transporter.
 20019 | Gauntlet | Found a runed translucent door.
 20020 | Gauntlet | Noticed a death yak
 20022 | Gauntlet | Found a transporter.
 20023 | Gauntlet | Noticed a death yak
 20025 | Gauntlet | Noticed a death yak
 20025 | Gauntlet | Noticed a death yak
 20056 | Gauntlet | Found a transporter.
 20058 | Gauntlet | Found a runed translucent gate.
 20115 | Gauntlet | Killed a death ooze
 20115 | Gauntlet | Received a gift from Okawaru
 20116 | Gauntlet | Reached skill level 1 in Evocations
 20176 | Gauntlet | Got a pair of distressingly furry gloves
 20193 | Gauntlet | Killed a death yak
 20203 | Gauntlet | Killed a death yak
 20203 | Gauntlet | Received a gift from Okawaru
 20511 | Gauntlet | Identified the +1 pair of gloves of the Wasteland {rC+
                  | Stlth+} (You found it in a Gauntlet)
 20535 | Gauntlet | Reached XP level 13. HP: 90/119 MP: 6/18
 20807 | Gauntlet | Noticed a minotaur
 20815 | Gauntlet | Killed a minotaur
 21030 | Lair:1   | HP: 3/119 [komodo dragon (3)]
 22595 | Lair:2   | Found a dark tunnel.
 22632 | Volcano  | Entered a volcano
 23045 | Volcano  | Received a gift from Okawaru
 23064 | Volcano  | Slain by a komodo dragon

Illustrated notes

Levels and vault maps discovered:
D:1:      evilmike_arrival_grusome_pit, layout_loops_ring, serial_forest,
          infiniplex_forest_clump_tiny, infiniplex_forest_clump_tiny,
          infiniplex_forest_zigzag_1, infiniplex_forest_corner_2,
          infiniplex_forest_straight_2, infiniplex_forest_straight_4,
          infiniplex_forest_fountain
D:2:      layout_basic, grunt_temple_overflow_opulence, serial_rivers,
          chequers_serial_rivers_micro_b, chequers_serial_rivers_small_3,
          chequers_serial_rivers_room_b, chequers_serial_rivers_micro_e
D:3:      layout_basic, zin_purify, minmay_pentangle, uniq_jessica, uniq_robin
D:4:      layout_basic, ashenzari_altar_1, serial_shops, shop
D:5:      layout_loops_cross, old_standard_altar
D:6:      layout_cave_pods, serial_shops, nicolae_shop_stone, uniq_edmund,
          uniq_crazy_yiuf_cottage
D:7:      layout_basic, grunt_temple_overflow_champion_of_chaos,
          minmay_temple_entry_mini_moons, serial_shops, shop_statue,
          nicolae_shop_statue_plus, kennysheep_mini_moat, shop
D:8:      layout_basic, minitemple, nicolae_overflow_crystal_walls,
          serial_shops, shop, uniq_joseph, uniq_grum
D:9:      layout_loops_ring, nicolae_ru_great_annihilating_truth, serial_shops,
          nicolae_shop_trees
D:10:     minmay_distorted_concentric_squares, layout_basic,
          minmay_lair_entry_grove, gammafunk_ghost_split
D:11:     layout_roguey [special_room_orc], orc_0_dummy, special_room
          [special_room_bee]
D:12:     layout_loops_corners, basic_altar, lemuel_statue_altar
D:13:     layout_irregular_city, uniq_sonja
Temple:   compressed_dpeg_triangle_lava_temple
Lair:1:   beast_lair_carwin_large_3, layout_chaotic_city,
          gauntlet_entry_generic, minivault_27, infiniplex_staircase_pool_2
Lair:2:   kb_forest_paths, layout_chaotic_city, enter_volcano_3,
          grunt_forest_small_clearing_treed, uniq_maggie, uniq_prince_ribbit2
Volcano:  pf_volcano_lost_world

Skill      XL: |  1  2  3  4  5  6  7  8  9 10 11 12 13 |
---------------+----------------------------------------+-----
Armour         | 1 2 3 4 5 6 8 9 10 12 | 12.7
Fighting       | 3 4 5 7 8 9 11 12 | 12.9
Dodging        | 3 4 5 6 7 9 10 11 12 | 12.0
Crossbows      | 5 6 7 8 9 10 12 | 12.4
Invocations    | 1 3 5 7 8 |  8.0
Evocations     | 1 3 |  3.4
Stealth        | |  0.7

Action                   |  1- 3 |  4- 6 |  7- 9 | 10-12 | 13-15 || total
-------------------------+-------+-------+-------+-------+-------++-------
Melee: Spear             |    69 |   218 |   128 |       |       ||   415
       Headbutt          |     5 |    25 |    30 |    43 |     7 ||   110
       Trident           |       |       |       |   241 |    32 ||   273
       Punch             |       |       |       |       |     1 ||     1
 Fire: Hand crossbow     |    27 |    83 |   225 |   772 |       ||  1107
       Triple crossbow   |       |       |       |     4 |   103 ||   107
Invok: Heroism           |       |       |     2 |    11 |     2 ||    15
       Finesse           |       |       |       |     3 |     1 ||     4
  Use: Scroll            |       |     5 |     1 |    16 |     4 ||    26
       Potion            |       |     2 |     2 |       |     2 ||     6
 Stab: Sleeping          |     1 |       |       |       |       ||     1
Armor: Leather armour    |     7 |       |       |       |       ||     7
       Chain mail        |    11 |   138 |    89 |       |       ||   238
       Scale mail        |       |       |    32 |   133 |       ||   165
       Plate armour      |       |       |       |   150 |    89 ||   239
Dodge: Dodged            |    22 |   106 |   152 |   549 |   103 ||   932
